 Dungeon Crawl Stone Soup version 0.19.5 (webtiles) character file.

23533 Megalobster the Severer (level 12, -35/113 HPs)
             Began as a Minotaur Berserker on Apr 12, 2017.
             Was a High Priest of Trog.
             Annihilated by a large slime creature (37 damage)
             ... on level 13 of the Dungeon.
             The game lasted 01:13:59 (13247 turns).

Megalobster the Severer (Minotaur Berserker)       Turns: 13247, Time: 01:13:59

Health: -35/113    AC: 11    Str: 32    XL:     12   Next: 72%
Magic:  11/11      EV: 13    Int:  4    God:    Trog [*****.]
Gold:   1412       SH:  0    Dex: 11    Spells: 0 memorised, 11 levels left

rFire  . . .     SeeInvis .     O - +6 battleaxe
rCold  . . .     Gourm    .     W - +0 ring mail (curse)
rNeg   . . .     Faith    .     (shield currently unavailable)
rPois  .         Spirit   .     (helmet restricted)
rElec  .         Reflect  .     w - +1 cloak of Freedom {Str+2 Stlth+}
rCorr  .         Harm     .     (no gloves)
MR     +....                    Q - +0 pair of boots
Stlth  +++.......               (no amulet)
                                C - +4 ring of strength
                                a - ring of flight

@: about to teleport
A: retaliatory headbutt, horns 2, magic resistance 1, wild magic 1, evolution 1
a: Berserk, Trog's Hand, Brothers in Arms, Burn Spellbooks, Renounce Religion,
Evoke Flight


You were on level 13 of the Dungeon.
You worshipped Trog.
Trog was extremely pleased with you.
You were not hungry.

You visited 1 branch of the dungeon, and saw 13 of its levels.
You also visited: Bailey and Ice Cave.

You collected 1555 gold pieces.
You spent 143 gold pieces at shops.

Inventory:

Hand Weapons
 E - a +3 spear of venom
 K - the +3 long sword "Meozxi Dutu" {venom, +Fly Str-2 Dex+8 Stlth+}
   (You found it on level 5 of the Dungeon)

   It poisons the flesh of those it strikes.
   It affects your strength (-2).
   It affects your dexterity (+8).
   It lets you fly.
   It makes you more stealthy.
 O - a +6 battleaxe (weapon)
 R - a +4 antimagic triple sword
Missiles
 e - 8 tomahawks
 f - 460 stones (quivered)
 G - 8 tomahawks of returning
 N - 2 throwing nets
Armour
 m - a +2 scale mail of magic resistance
 v - a +1 ring mail of cold resistance
 w - the +1 cloak of Freedom (worn) {Str+2 Stlth+}
   (You acquired it on level 10 of the Dungeon)

   It affects your strength (+2).
   It makes you more stealthy.
 I - +0 mottled dragon scales
 Q - a +0 pair of boots (worn)
 S - the +2 cloak of a volcano {rC+ rN+ rCorr Stlth-}
   (You found it on level 9 of the Dungeon)

   It protects you from cold.
   It protects you from negative energy.
   It protects you from acid and corrosion.
   It makes you less stealthy.
 W - a cursed +0 ring mail (worn)
Jewellery
 a - a ring of flight (left hand)
 n - an uncursed ring of protection from fire
 r - a +3 ring of dexterity
 C - a +4 ring of strength (right hand)
 H - an uncursed ring of poison resistance
 V - an uncursed ring of positive energy
Wands
 l - a wand of flame (20/48)
 u - a wand of paralysis (13/24)
 B - a wand of paralysis (4/24)
 P - a wand of lightning (8/15)
 T - a wand of teleportation (7/9)
Scrolls
 b - a scroll of summoning
 g - 5 scrolls of remove curse
 i - 4 scrolls of vulnerability
 s - a scroll of fear
 y - 7 scrolls of teleportation
 U - 2 scrolls of silence
Potions
 c - a potion of brilliance
 d - 8 potions of curing
 h - 2 potions of flight
 o - a potion of invisibility
 q - 2 potions of heal wounds
 t - a potion of haste
 x - a potion of agility {unknown}
 z - a potion of might {unknown}
 A - a potion of ambrosia
 F - 2 potions of magic
 J - 3 potions of cancellation
 L - 2 potions of lignification
 Z - 2 potions of berserk rage
Miscellaneous
 Y - a disc of storms
Comestibles
 j - 7 meat rations
 k - 27 fruits
 p - 6 bread rations
 D - 5 chunks of flesh


   Skills:
 + Level 12.9 Fighting
 * Level 17.6 Axes
 + Level 11.2 Armour
 - Level 4.0 Dodging
 - Level 3.2 Stealth


You had 11 spell levels left.
You didn't know any spells.

Dungeon Overview and Level Annotations

Branches:
Dungeon (13/15)            Temple (0/1) D:7            Lair (0/6) D:10
    Orc (0/2) D:12
 Vaults: D:13-14

Altars:
Ashenzari
Cheibriados
Elyvilon
Hepliaklqana
Kikubaaqudgha
Makhleb
Okawaru
Sif Muna
Trog
Xom
The Shining One

Shops:
D:4 ?


Innate Abilities, Weirdness & Mutations

You reflexively headbutt those who attack you in melee.
You have a pair of horns on your head.
You are resistant to hostile enchantments. (MR+)
Your spells are a little harder to cast, but a little more powerful.
You evolve.


Message History

The large slime creature closely misses you.
You furiously retaliate!
You headbutt the large slime creature! The large slime creature hits you!
You slash the large slime creature! You headbutt the large slime creature!
The large slime creature is severely wounded.
You slash the large slime creature!
The large slime creature hits you but does no damage. x2
You chop the large slime creature into pieces!!!
You kill the large slime creature!
Trog accepts your kill.
You hit the large slime creature but do no damage.
The large slime creature hits you!!
* * * LOW HITPOINT WARNING * * *
Unknown command.
As you read the scroll of teleportation, it crumbles to dust.
You feel strangely unstable.
The orc warlord hits you with a broad axe!
* * * LOW HITPOINT WARNING * * *
The large slime creature hits you!!!
You die...

#.##[.......#
#.##(###...##
#..........#
###........#
##..####.##
##...# #..#
##.#..# ##.#
#p#######.###.#
.# #......J@##
##..
#######o#†# ###
#5##.# #.# #.#
#.# .# ... .
#.# . ... #.


You could see an orc warlord, a vault guard (wandering), a large slime creature
and a shadow imp.

Vanquished Creatures
  An ice dragon (IceCv)
  Erica (D:9)
  A tengu warrior (D:11)
  An unseen horror (D:11)
  A deep elf archer (Bailey)
  2 hill giants
  9 deep elf magi
  2 manticores
  2 slime creatures (D:13)
  2 ice statues (IceCv)
  A centaur skeleton (D:12)
  2 rime drakes (IceCv)
  A troll (D:11)
  2 two-headed ogres
  Grinder (D:5)
  A wyvern (D:13)
  8 yaks (D:10)
  A basilisk (D:12)
  3 hungry ghosts
  3 vampire mosquitoes (D:12)
  The ghost of Haldmier the Slasher, an amateur HESk (D:3)
  A mottled dragon (D:12)
  Edmund (D:5)
  An eye of draining (D:10)
  24 ice beasts
  4 orc warriors
  2 phantoms
  An eye of draining (shapeshifter) (D:13)
  A black bear (D:10)
  4 necrophages
  7 ogres
  5 centaurs
  A crocodile (D:13)
  4 big kobolds
  6 bullfrogs
  A gnoll sergeant (D:10)
  2 wyvern zombies
  A wyvern skeleton (D:9)
  5 scorpions
  6 killer bees (D:9)
  14 wights
  5 howler monkeys
  12 crimson imps
  4 centaur zombies
  A quasit (D:11)
  2 bullfrog zombies (D:7)
  3 jellies
  10 hounds
  4 orc priests
  11 orc wizards
  3 bullfrog skeletons
  An iguana (D:11)
  7 worker ants
  A killer bee zombie (D:8)
  2 hound skeletons
  A howler monkey skeleton (D:6)
  12 gnolls
  19 adders
  A shadow imp (D:11)
  4 adder skeletons
  An adder zombie (D:8)
  3 worms
  3 dart slugs
  3 leopard geckos
  51 orcs
  5 ball pythons
  8 bats
  6 giant cockroaches
  11 goblins
  7 hobgoblins
  9 jackals
  4 quokkas
  6 frilled lizards
  24 kobolds
  A leopard gecko skeleton (D:8)
  A quokka skeleton (D:7)
  2 rats (D:3)
  2 plants (D:11)
387 creatures vanquished.

Vanquished Creatures (collateral kills)
  An ice dragon (IceCv)
  An orc priest (D:9)
  An orc (D:9)
3 creatures vanquished.

Vanquished Creatures (others)
  A deep elf mage (Bailey)
1 creature vanquished.

Grand Total: 391 creatures vanquished

Notes
Turn   | Place    | Note
-------+----------+-------------------------------------------
     0 | D:1      | Megalobster the Minotaur Berserker began the quest for the Orb.
     0 | D:1      | Reached XP level 1. HP: 19/19 MP: 0/0
   546 | D:1      | Reached XP level 2. HP: 27/27 MP: 1/1
   549 | D:1      | Reached skill level 4 in Axes
   926 | D:1      | Reached XP level 3. HP: 34/34 MP: 2/2
  1464 | D:2      | Reached ** piety under Trog
  1822 | D:2      | Reached XP level 4. HP: 40/41 MP: 3/3
  2485 | D:3      | Reached skill level 5 in Axes
  2563 | D:3      | Noticed Haldmier's ghost (amateur HESk)
  2573 | D:3      | Killed Haldmier's ghost
  2573 | D:3      | Reached skill level 5 in Fighting
  2573 | D:3      | Reached skill level 1 in Stealth
  2573 | D:3      | Reached XP level 5. HP: 43/48 MP: 4/4
  2959 | D:3      | Found a shimmering altar of Xom.
  3008 | D:3      | Reached skill level 6 in Axes
  3008 | D:3      | Reached XP level 6. HP: 42/56 MP: 5/5
  3775 | D:4      | Found a deep blue altar of Sif Muna.
  3882 | D:4      | Reached XP level 7. HP: 51/62 MP: 6/6
  3964 | D:4      | Found a white marble altar of Elyvilon.
  4100 | D:4      | Found Quohahan's Magic Scroll Emporium.
  4103 | D:4      | Bought a scroll of identify for 22 gold pieces
  4103 | D:4      | Bought a scroll of remove curse for 33 gold pieces
  4103 | D:4      | Bought a scroll of remove curse for 33 gold pieces
  4103 | D:4      | Bought a scroll of teleportation for 33 gold pieces
  4103 | D:4      | Bought a scroll of identify for 22 gold pieces
  4162 | D:4      | Reached skill level 7 in Axes
  4447 | D:5      | Entered Level 5 of the Dungeon
  4505 | D:5      | Noticed Edmund
  4518 | D:5      | Killed Edmund
  4832 | D:5      | Reached skill level 8 in Axes
  5132 | D:5      | Reached *** piety under Trog
  5184 | D:5      | You fall through a shaft!
  5195 | D:6      | Reached XP level 8. HP: 65/70 MP: 7/7
  5249 | D:6      | Reached skill level 9 in Axes
  5373 | D:5      | Noticed Grinder
  5377 | D:5      | Killed Grinder
  5454 | D:5      | Got a crude long sword
  5461 | D:5      | Reached skill level 10 in Axes
  5466 | D:5      | Identified the +3 long sword "Meozxi Dutu" {venom, +Fly Str-2 Dex+8 Stlth+} (You found it on level 5 of the Dungeon)
  5643 | D:5      | Found a faded altar of an unknown god.
  5643 | D:5      | Found a faded altar of an unknown god.
  5648 | D:5      | Found a faded altar of an unknown god.
  5650 | D:5      | Found an iron altar of Okawaru.
  5652 | D:5      | Found a faded altar of an unknown god.
  6220 | D:6      | Reached XP level 9. HP: 36/81 MP: 8/8
  6231 | D:6      | Reached skill level 11 in Axes
  6299 | D:6      | Reached **** piety under Trog
  6341 | D:6      | Found a burning altar of Makhleb.
  6341 | D:6      | Noticed a blizzard demon
  6385 | D:6      | Found a hazy altar of Hepliaklqana.
  6639 | D:6      | Found a snail-covered altar of Cheibriados.
  7138 | D:7      | Found a shattered altar of Ashenzari.
  7183 | D:7      | Received a gift from Trog
  7209 | D:7      | Found a staircase to the Ecumenical Temple.
  7234 | D:7      | Reached skill level 5 in Armour
  7547 | D:7      | Reached skill level 12 in Axes
  7798 | D:7      | You fall through a shaft for 2 floors!
  7847 | D:9      | Found a bloodstained altar of Trog.
  7848 | D:9      | Got a transparent cloak
  7859 | D:9      | Identified the +2 cloak of a volcano {rC+ rN+ rCorr Stlth-} (You found it on level 9 of the Dungeon)
  8196 | D:8      | Found a glowing golden altar of the Shining One.
  8207 | D:8      | Reached XP level 10. HP: 91/91 MP: 9/9
  8688 | D:8      | Reached skill level 13 in Axes
  8764 | D:8      | Found an ancient bone altar of Kikubaaqudgha.
  9237 | D:9      | Noticed Erica
  9249 | D:9      | Killed Erica
  9249 | D:9      | Reached skill level 10 in Fighting
  9790 | D:10     | Entered Level 10 of the Dungeon
  9790 | D:10     | Found a staircase to the Lair.
  9802 | D:10     | Reached skill level 14 in Axes
  9987 | D:10     | Reached ***** piety under Trog
 10125 | D:10     | Reached XP level 11. HP: 101/101 MP: 10/10
 10457 | D:10     | Identified a scroll of acquirement
 10458 | D:10     | Got a scorched cloak
 10469 | D:10     | Identified the +1 cloak of Freedom {Str+2 Stlth+} (You acquired it on level 10 of the Dungeon)
 10470 | D:10     | Gained mutation: You are resistant to hostile enchantments. (MR+) [potion of mutation]
 10470 | D:10     | Gained mutation: Your spells are a little harder to cast, but a little more powerful. [potion of mutation]
 10470 | D:10     | Gained mutation: You evolve. [potion of mutation]
 10704 | D:11     | Killed an unseen horror
 10758 | D:11     | Reached skill level 15 in Axes
 10849 | D:11     | Noticed a tengu warrior
 10857 | D:11     | Killed a tengu warrior
 10895 | D:11     | Found a frozen archway.
 10926 | IceCv    | Entered an ice cave
 10980 | IceCv    | Received a gift from Trog
 11303 | IceCv    | Noticed an ice dragon
 11304 | IceCv    | Noticed an ice dragon
 11313 | IceCv    | Killed an ice dragon
 11313 | IceCv    | HP: 4/156 [ice dragon (9)]
 11314 | IceCv    | Killed an ice dragon
 11314 | IceCv    | Reached skill level 16 in Axes
 11817 | D:11     | Noticed a hill giant
 11820 | D:11     | Killed a hill giant
 11820 | D:11     | Reached XP level 12. HP: 71/112 MP: 11/11
 12171 | D:11     | Reached skill level 10 in Armour
 12254 | D:12     | Found a flagged portal.
 12298 | Bailey   | Entered a bailey
 12386 | Bailey   | Reached skill level 17 in Axes
 12523 | D:12     | Found a staircase to the Orcish Mines.
 13229 | D:13     | Noticed a vault guard
 13240 | D:13     | Noticed an orc warlord
 13247 | D:13     | HP: 2/113 [orc warlord/broad axe (16)]
 13247 | D:13     | Annihilated by a large slime creature

Skill      XL: |  1  2  3  4  5  6  7  8  9 10 11 12 |
---------------+-------------------------------------+-----
Axes           | 4 5 6 8 10 12 14 16 17 | 17.6
Fighting       | 4 5 6 7 9 10 12 | 12.9
Dodging        | 3 4 |  4.0
Stealth        | 1 2 3 |  3.2
Armour         | 3 6 7 9 11 | 11.2

Action                   |  1- 3 |  4- 6 |  7- 9 | 10-12 || total
-------------------------+-------+-------+-------+-------++-------
Melee: Hand axe          |    86 |   121 |    42 |       ||   249
       Headbutt          |    15 |    24 |    50 |    96 ||   185
       War axe           |       |       |    80 |       ||    80
       Battleaxe         |       |       |   136 |   425 ||   561
Throw: Stone             |       |       |       |     2 ||     2
Invok: Berserk           |     1 |     2 |     9 |    10 ||    22
       Trog's Hand       |       |     1 |     1 |     4 ||     6
       Burn Spellbooks   |       |       |     2 |     4 ||     6
       Brothers in Arms  |       |       |     1 |     3 ||     4
 Abil: Evoke Flight      |       |       |       |     1 ||     1
  Use: Scroll            |       |       |     2 |    28 ||    30
       Potion            |       |       |       |     1 ||     1
 Stab: Sleeping          |     1 |     5 |     1 |     4 ||    11
       Distracted        |       |       |     1 |       ||     1
  Eat: Chunk             |     1 |     2 |    23 |    22 ||    48
       Bread ration      |     1 |     1 |       |     1 ||     3
       Beef jerky        |       |       |     2 |     3 ||     5
       Royal jelly       |       |       |     1 |       ||     1
       Pizza             |       |       |     1 |       ||     1
Armor: Animal skin       |    15 |    11 |     5 |       ||    31
       Scale mail        |       |       |    25 |   113 ||   138
       Chain mail        |       |       |    85 |    70 ||   155
       Ring mail         |       |       |       |    23 ||    23
Dodge: Dodged            |    53 |    65 |   151 |   223 ||   492
